 Dungeon Crawl Stone Soup version 0.24.1-5-g77f818bfca (webtiles) character file.

Game seed: 11011919645138563336, levelgen mode: deterministic

2450 nightchill the Cleaver (level 9, 0/64 HPs)
             Began as a Halfling Berserker on Apr 24, 2020.
             Was an Elder of Trog.
             Slain by a bullfrog (1 damage)
             ... on level 6 of the Dungeon.
             The game lasted 00:24:00 (9196 turns).

nightchill the Cleaver (Halfling Berserker)         Turns: 9196, Time: 00:24:01

Health: 0/64       AC: 10    Str: 18    XL:     9   Next: 78%
Magic:  9/9        EV: 10    Int:  8    God:    Trog [****..]
Gold:   397        SH:  0    Dex: 14    Spells: 8/8 levels left

rFire    . . .     SeeInvis .   t - +1 war axe
rCold    . . .     Gourm    .   (shield restricted)
rNeg     . . .     Faith    .   B - +2 chain mail {rPois}
rPois    +         Spirit   .   (no helmet)
rElec    .         Reflect  .   (no cloak)
rCorr    +         Harm     .   (no gloves)
MR       .....                  (no boots)
Stlth    ..........             (no amulet)
HPRegen  0.20/turn              F - ring of resist corrosion
MPRegen  0.11/turn              (no ring)

@: no status effects
A: small, mutation resistance 1
a: Berserk, Trog's Hand, Brothers in Arms, Renounce Religion


You were on level 6 of the Dungeon.
You worshipped Trog.
Trog was greatly pleased with you.
You were not hungry.

You visited 1 branch of the dungeon, and saw 6 of its levels.
You also visited: Sewer.

You collected 397 gold pieces.

Inventory:

Hand Weapons
 a - a +0 hand axe
 b - a +0 war axe
 t - a +1 war axe (weapon)
 x - the +4 spear "Naclot" {antimagic, rN+, unknown}
   (You found it on level 4 of the Dungeon)

   It reduces the magical energy of the wielder, and disrupts the spells and
   magical abilities of those hit.
   Natural abilities and divine invocations are not affected.
   It protects you from negative energy.
Missiles
 f - 222 stones
 g - 8 atropa-tipped darts
 n - 36 poisoned darts (quivered)
Armour
 d - a +0 cloak
 v - a +0 chain mail
 B - a +2 chain mail of poison resistance (worn)
Jewellery
 F - a ring of resist corrosion (left hand)
Wands
 r - a wand of polymorph (8)
 z - a wand of clouds (5)
 A - a wand of flame (19)
 G - a wand of digging (4)
Scrolls
 i - a scroll of amnesia {unknown}
 j - a scroll of enchant weapon
 o - 2 scrolls of magic mapping {unknown}
 p - a scroll of noise {unknown}
 s - a scroll of remove curse
 u - 3 scrolls of teleportation {unknown}
 w - a scroll of fog {unknown}
 y - a scroll of blinking {unknown}
 C - a scroll of enchant armour {unknown}
 J - 2 scrolls of immolation {unknown}
 K - a scroll of identify
Potions
 e - 2 potions of degeneration
 h - 2 potions of curing {unknown}
 k - a potion of ambrosia
 l - a potion of heal wounds {unknown}
 m - 3 potions of brilliance {unknown}
 q - a potion of resistance
 D - a potion of might
 E - 2 potions of flight {unknown}
 H - a potion of agility {unknown}
 I - a potion of berserk rage
Comestibles
 c - 8 rations


   Skills:
 + Level 7.1 Fighting
 * Level 10.6 Axes
 - Level 2.1 Armour
 - Level 2.1 Dodging


You had 8 spell levels left.
You didn't know any spells.
Your spell library was empty.

Dungeon Overview and Level Annotations

Branches:
Dungeon (6/15)             Temple (0/1) D:4           Sewer (visited)

Altars:
Kikubaaqudgha
Makhleb
Ru
Trog
Yredelemnul
Zin


Innate Abilities, Weirdness & Mutations

You are small and have problems with some larger weapons.
You are somewhat resistant to further mutation.


Message History

The bullfrog hits you but does no damage.
The bullfrog hits you.
* * * LOW HITPOINT WARNING * * *
The bullfrog misses you. The bullfrog hits you.
* * * LOW HITPOINT WARNING * * *
The bullfrog misses you. The bullfrog hits you.
* * * LOW HITPOINT WARNING * * *
The bullfrog hits you but does no damage. x2
The bullfrog hits you.
* * * LOW HITPOINT WARNING * * *
The bullfrog hits you.
* * * LOW HITPOINT WARNING * * *
The bullfrog misses you. The bullfrog hits you.
* * * LOW HITPOINT WARNING * * *
The bullfrog closely misses you. The bullfrog barely misses you.
The bullfrog hits you.
You die...

####.....##
##...... #..####
#..# ##.## ###
##.## ...## ##.##
#.F## ##.# #@## #..
#..# ######. #.
##..## ........
#.####....#
.#####.. #.......##
##. ##.....## #.
####.## #########.
#.## ##.........
#..######........##


You could see a bullfrog.

Vanquished Creatures
  A hippogriff (D:6)
  3 orc warriors
  2 ice beasts (D:6)
  A necrophage (D:5)
  A phantom (D:5)
  3 ogres
  3 bullfrogs
  3 scorpions
  A bullfrog zombie (D:5)
  A crimson imp (D:6)
  A bullfrog skeleton (D:5)
  3 hounds (D:5)
  3 orc priests
  5 orc wizards
  Jessica (D:2)
  3 iguanas (D:5)
  4 worker ants
  A hound skeleton (D:5)
  A howler monkey zombie (D:6)
  A worker ant zombie (D:6)
  8 gnolls (D:5)
  A howler monkey skeleton (D:5)
  7 adders
  A shadow imp (D:5)
  10 oozes
  An adder zombie (D:5)
  3 worms (D:2)
  18 leopard geckos
  16 orcs
  8 ball pythons
  7 bats
  17 giant cockroaches
  A goblin (D:3)
  11 hobgoblins
  7 jackals
  4 quokkas
  12 frilled lizards
  2 gnoll zombies (D:5)
  A jackal skeleton (D:4)
  4 kobolds
  A leopard gecko zombie (D:5)
  12 rats
194 creatures vanquished.

Notes
Turn   | Place    | Note
-------+----------+-------------------------------------------
     0 | D:1      | nightchill the Halfling Berserker began the quest for the
                  | Orb.
     0 | D:1      | Reached XP level 1. HP: 15/15 MP: 1/1
   318 | D:1      | Reached XP level 2. HP: 20/20 MP: 2/2
  1305 | D:2      | Reached XP level 3. HP: 23/26 MP: 3/3
  1515 | D:2      | Found a sacrificial altar of Ru.
  1736 | D:2      | Noticed Jessica
  1748 | D:2      | Killed Jessica
  1748 | D:2      | Reached ** piety under Trog
  1748 | D:2      | Reached skill level 4 in Axes
  1748 | D:2      | Reached XP level 4. HP: 31/31 MP: 4/4
  1801 | D:2      | Found an ancient bone altar of Kikubaaqudgha.
  1853 | D:2      | Found a burning altar of Makhleb.
  2609 | D:3      | Reached XP level 5. HP: 36/36 MP: 5/5
  2942 | D:3      | Reached skill level 5 in Axes
  3285 | D:3      | Found a glowing silver altar of Zin.
  3722 | D:3      | Reached *** piety under Trog
  3840 | D:4      | Noticed an ogre
  3849 | D:4      | Killed an ogre
  3849 | D:4      | Reached XP level 6. HP: 43/43 MP: 6/6
  3893 | D:4      | Reached skill level 6 in Axes
  4141 | D:4      | Found a staircase to the Ecumenical Temple.
  4177 | D:4      | Noticed a phantom
  4214 | D:4      | Noticed an ogre
  4290 | D:4      | Reached XP level 7. HP: 49/49 MP: 7/7
  4354 | D:4      | Got a jewelled spear
  4368 | D:4      | Found a glowing drain.
  4381 | Sewer    | Entered a sewer
  4868 | Sewer    | Reached skill level 7 in Axes
  4901 | Sewer    | Reached skill level 5 in Fighting
  4901 | Sewer    | Reached XP level 8. HP: 55/55 MP: 8/8
  4905 | Sewer    | Reached **** piety under Trog
  5388 | D:4      | Noticed a moth of wrath
  5391 | D:4      | Found a bloodstained altar of Trog.
  5516 | D:5      | Entered Level 5 of the Dungeon
  5894 | D:5      | Reached skill level 8 in Axes
  6282 | D:5      | Found a basalt altar of Yredelemnul.
  7297 | D:6      | Reached skill level 9 in Axes
  7369 | D:6      | Reached XP level 9. HP: 55/62 MP: 9/9
  7717 | D:6      | Noticed a hippogriff
  7733 | D:6      | Killed a hippogriff
  7775 | D:6      | Reached skill level 10 in Axes
  9193 | D:6      | HP: 1/64 [bullfrog (5)]
  9196 | D:6      | Slain by a bullfrog

Levels and vault maps discovered:
D:1:      co_arrival_square_in_a_square_in_a_square, layout_loops_corners
D:2:      layout_loops_ring, nicolae_overflow_crystal_walls,
          nicolae_ru_awakened_eye, bloody_makhleb, uniq_jessica
D:3:      layout_loops_cross, marbit_many_paths
D:4:      layout_basic, tgw_trog, temple_pool_b, portal_sewer_entry_f
D:5:      minmay_bubble_buster, layout_basic, lemuel_zombie_altar_yredelemnul,
          first_ration, minmay_chambers_of_fives
D:6:      layout_layer_cave

Skill      XL: |  1  2  3  4  5  6  7  8  9 |
---------------+----------------------------+-----
Fighting       | 3 4 5 6 7 |  7.1
Axes           | 4 5 6 7 9 10 | 10.6
Armour         | |  2.1
Dodging        | |  2.1

Action                   |  1- 3 |  4- 6 |  7- 9 || total
-------------------------+-------+-------+-------++-------
Melee: Hand axe          |    94 |   133 |       ||   227
       War axe           |       |    67 |   507 ||   574
Throw: Dart              |       |     7 |       ||     7
Invok: Berserk           |     2 |     7 |     9 ||    18
       Trog's Hand       |       |     4 |     8 ||    12
  Use: Potion            |       |     1 |       ||     1
       Scroll            |       |       |     7 ||     7
 Stab: Sleeping          |       |     3 |       ||     3
  Eat: Chunk             |     3 |    14 |    22 ||    39
       Ration            |       |     1 |     2 ||     3
Armor: Animal skin       |     3 |       |       ||     3
       Leather armour    |    19 |    32 |       ||    51
       Chain mail        |       |    30 |   257 ||   287
Dodge: Dodged            |    67 |   152 |   282 ||   501
